 Dungeon Crawl Stone Soup version 0.22.1-1-ga44c0e5 (webtiles) character file.

215 TrumpTheGenius the Stinger (level 5, -5/32 HPs)
             Began as an Octopode Venom Mage on Oct 28, 2018.
             Slain by a wyvern zombie (16 damage)
             ... on level 4 of the Dungeon.
             The game lasted 00:07:23 (3856 turns).

TrumpTheGenius the Stinger (Octopode Venom Mage)    Turns: 3856, Time: 00:07:24

Health: -5/32      AC:  1    Str:  8    XL:     5   Next: 92%
Magic:  4/9        EV: 13    Int: 17    God:
Gold:   211        SH:  0    Dex: 13    Spells: 3/10 levels left

rFire    . . .     SeeInvis .   c - +1 dagger (protect)
rCold    . . .     Gourm    .   (no shield)
rNeg     . . .     Faith    .   (helmet restricted)
rPois    +         Spirit   .   (no amulet)
rElec    .         Reflect  .   f - ring of wizardry
rCorr    .         Harm     .   k - ring of poison resistance
MR       .....                  (no ring)
Stlth    +++.......             (no ring)
HPRegen  0.10/turn              (no ring)
MPRegen  0.11/turn              (no ring)
                                (no ring)
                                (no ring)

@: no status effects
A: almost no armour, stealthy swim, amphibious, 8 rings, constrict 8, camouflage
1, gelatinous body 1
a: no special abilities


You were on level 4 of the Dungeon.
You were hungry.

You visited 1 branch of the dungeon, and saw 4 of its levels.

You collected 211 gold pieces.

Inventory:

Hand Weapons
 c - a +1 dagger of protection (weapon)
Jewellery
 f - a ring of wizardry (left tentacle)
 k - a ring of poison resistance (right tentacle)
Scrolls
 e - 3 scrolls of enchant armour {unknown}
 g - 3 scrolls of identify {unknown}
 h - a scroll of amnesia {unknown}
 j - 3 scrolls of remove curse {unknown}
 m - a scroll of teleportation {unknown}
 o - 2 scrolls of magic mapping {unknown}
 p - a scroll of immolation {unknown}
Potions
 a - 2 potions of agility {unknown}
 d - a potion of degeneration {unknown}
 i - 3 potions of curing {unknown}
 l - 2 potions of flight {unknown}
 n - a potion of heal wounds {unknown}
Comestibles
 b - 6 rations


   Skills:
 + Level 0.8 Fighting
 + Level 1.1 Short Blades
 - Level 2.0 Dodging
 - Level 2.6 Stealth
 + Level 3.1 Spellcasting
 + Level 1.4 Conjurations
 * Level 2.3 Air Magic
 + Level 5.5 Poison Magic


You had 3 spell levels left.
You knew the following spells:

 Your Spells              Type           Power        Failure   Level  Hunger
a - Sting                 Conj/Pois      ##..         1%          1    None
b - Poisonous Vapours     Pois/Air       ###...       2%          2    ##.....
c - Olgreb's Toxic Radia  Pois           ###.....     8%          4    ####...

Your spell library contained the following spells:

 Spells                   Type           Power        Failure   Level  Hunger
 Mephitic Cloud           Conj/Pois/Air  ##......     6%          3    ###....
 Venom Bolt               Conj/Pois      ##........   41%         5    ######.


Dungeon Overview and Level Annotations

Branches:
Dungeon (4/15)
 Temple: D:4-7

Altars:
Qazlal


Innate Abilities, Weirdness & Mutations

You cannot wear most types of armour.
You are very stealthy in the water. (Stealth+)
You are amphibious.
You can wear up to eight rings at the same time.
You can use your tentacles to constrict eight enemies at once.
Your skin changes colour to match your surroundings (Stealth+).
Your rubbery body absorbs attacks. (AC +1, EV +1)


Message History

The leopard gecko is poisoned.
The leopard gecko barely misses you.
The adder is poisoned.
The leopard gecko looks even sicker.
The leopard gecko bites you.
* * * LOW HITPOINT WARNING * * *
The wyvern zombie closely misses you.
You kill the leopard gecko!
Your toxic aura wanes.
The wyvern zombie closely misses you.
The adder looks more healthy.
Casting: Olgreb's Toxic Radiance (safe; 8% risk of failure)
Confirm with . or Enter, or press ? or * to list all spells.
You don't have enough magic to cast that spell.
Casting: Olgreb's Toxic Radiance (safe; 8% risk of failure)
Confirm with . or Enter, or press ? or * to list all spells.
Okay, then.
The wyvern zombie closely misses you. The wyvern zombie misses you.
The wyvern zombie bites you!
Ouch! That really hurt!
You die...

##.#.......## ..#
#...#†......## #.#
....#........# #.#
.....#.......# #.#
.###)##†.....# #.#
####....#....## #.##
#†...###......##
###... .....#
####....#### ##.....
.....## ###.SZ@.#####
##...... ......#
######....####.......
#?....#
####...<........
#....).#
####.........
#.......# ##........
#..#....# ##.......
#..#..... ##......
#..#....## #......
#..###### ##.....


You could see an adder and a wyvern zombie.

Vanquished Creatures
  A crimson imp (D:3)
  An orc priest (D:3)
  Crazy Yiuf (D:3)
  4 adders (D:2)
  An ooze (D:2)
  4 worms
  4 leopard geckos
  3 orcs (D:3)
  5 giant cockroaches
  8 goblins
  3 hobgoblins
  6 jackals
  A quokka (D:3)
  8 bats
  3 frilled lizards
  8 kobolds
  8 rats
69 creatures vanquished.

Notes
Turn   | Place    | Note
-------+----------+-------------------------------------------
     0 | D:1      | TrumpTheGenius the Octopode Venom Mage began the quest for
                  | the Orb.
     0 | D:1      | Reached XP level 1. HP: 11/11 MP: 3/3
   831 | D:1      | Reached skill level 4 in Poison Magic
   831 | D:1      | Reached XP level 2. HP: 12/17 MP: 5/5
  1282 | D:1      | Learned a level 2 spell: Poisonous Vapours
  1446 | D:2      | Reached XP level 3. HP: 9/21 MP: 1/6
  2149 | D:2      | Reached skill level 1 in Air Magic
  2194 | D:2      | Reached XP level 4. HP: 27/27 MP: 8/8
  2293 | D:2      | Learned a level 4 spell: Olgreb's Toxic Radiance
  2884 | D:3      | Found a stormy altar of Qazlal.
  2985 | D:3      | Reached skill level 5 in Poison Magic
  2985 | D:3      | Reached XP level 5. HP: 25/32 MP: 9/9
  2987 | D:3      | Reached skill level 1 in Short Blades
  3372 | D:3      | Found a runed door.
  3376 | D:3      | Noticed Crazy Yiuf
  3383 | D:3      | Killed Crazy Yiuf
  3824 | D:4      | Noticed an ogre
  3856 | D:4      | Slain by a wyvern zombie

Skill      XL: |  1  2  3  4  5 |
---------------+----------------+-----
Poison Magic   | 4 5 |  5.5
Air Magic      | 1 2 |  2.3
Spellcasting   | 3 |  3.1
Short Blades   | 1 |  1.1
Fighting       | |  0.8
Dodging        | |  2.0
Stealth        | |  2.6
Conjurations   | |  1.4

Action                   |  1- 3 |  4- 6 || total
-------------------------+-------+-------++-------
Melee: Unarmed           |    20 |       ||    20
       Constrict         |    17 |    12 ||    29
       Dagger            |    55 |    57 ||   112
       Tentacles         |    10 |    10 ||    20
 Cast: Sting             |     7 |     4 ||    11
       Poisonous Vapours |     4 |    10 ||    14
       Olgreb's Toxic Ra |       |     4 ||     4
 Stab: Sleeping          |    15 |     8 ||    23
  Eat: Chunk             |     4 |     6 ||    10
Armor: Skin              |    21 |     7 ||    28
Dodge: Dodged            |    75 |    38 ||   113
